 Dungeon Crawl Stone Soup version 0.24-a0-462-ge24419a6ad (console) character file.

Game seed: 519563066606360789

32 Lexodia the Skirmisher (level 3, -8/35 HPs)
             Began as a Gnoll Wanderer on July 1, 2019.
             Was an Initiate of Makhleb.
             Mangled by a worm (11 damage)
             ... on level 2 of the Dungeon.
             The game lasted 00:01:40 (885 turns).

Lexodia the Skirmisher (Gnoll Wanderer)              Turns: 885, Time: 00:01:41

Health: -8/35      AC:  2    Str: 13    XL:     3   Next: 27%
Magic:  3/3        EV: 11    Int: 16    God:    Makhleb [......]
Gold:   90         SH:  0    Dex: 14    Spells: 3/3 levels left

rFire    . . .     SeeInvis .   a - +2 dagger
rCold    . . .     Gourm    .   (no shield)
rNeg     . . .     Faith    .   e - +0 robe
rPois    .         Spirit   .   (no helmet)
rElec    .         Reflect  .   (no cloak)
rCorr    .         Harm     .   (no gloves)
MR       .....     Rnd*Tele +   (no boots)
Stlth    +++.......             (no amulet)
HPRegen  0.11/turn              n - ring of teleportation (curse)
MPRegen  0.08/turn              (no ring)

@: no status effects
A: distributed training, fangs 1, strong nose
a: Renounce Religion


You were on level 2 of the Dungeon.
You worshipped Makhleb.
Makhleb was noncommittal.
You were not hungry.

You visited 1 branch of the dungeon, and saw 2 of its levels.

You collected 90 gold pieces.

Inventory:

Hand Weapons
 a - a +2 dagger (weapon)
 c - a +0 spear
Missiles
 k - 15 arrows
Armour
 e - a +0 robe (worn)
Jewellery
 n - a cursed ring of teleportation (left hand)
Scrolls
 b - a scroll of blinking
 d - 5 scrolls of teleportation
 g - a scroll of amnesia {unknown}
 j - 3 scrolls of identify {unknown}
 m - a scroll of fog {unknown}
 p - a scroll of remove curse {unknown}
Potions
 h - a potion of magic {unknown}
 i - a potion of invisibility {unknown}
 l - a potion of might {unknown}
 o - a potion of curing {unknown}
Comestibles
 f - 4 rations
 q - 4 chunks of flesh


   Skills:
 + Level 6.5 Fighting
 + Level 0.6 Short Blades
 + Level 0.6 Long Blades
 + Level 0.6 Axes
 + Level 0.6 Maces & Flails
 + Level 2.5 Polearms
 + Level 0.6 Staves
 + Level 0.6 Slings
 + Level 0.6 Bows
 + Level 0.6 Crossbows
 + Level 0.6 Throwing
 + Level 0.6 Armour
 + Level 0.6 Dodging
 + Level 5.9 Stealth
 + Level 0.6 Shields
 + Level 0.6 Unarmed Combat
 + Level 0.6 Spellcasting
 + Level 0.4 Conjurations
 + Level 0.4 Hexes
 + Level 0.4 Charms
 + Level 0.4 Summonings
 + Level 0.4 Necromancy
 + Level 0.4 Translocations
 + Level 0.4 Transmutations
 + Level 0.4 Fire Magic
 + Level 0.4 Ice Magic
 + Level 0.4 Air Magic
 + Level 0.4 Earth Magic
 + Level 5.4 Poison Magic
 + Level 0.8 Invocations
 + Level 0.6 Evocations


You had 3 spell levels left.
You didn't know any spells.
Your spell library was empty.

Dungeon Overview and Level Annotations

Branches:
Dungeon (2/15)

Altars:
Makhleb


Innate Abilities, Weirdness & Mutations

Your experience applies equally to all skills.
You have very sharp teeth.
Your uncanny sense of smell can sniff out nearby items.


Message History

The worm is lightly wounded.
You hit the worm. You bite the worm.
The worm is moderately wounded.
The worm bites you!
* * * LOW HITPOINT WARNING * * *
Huge Dmg: -29%(-10hp) hp: 6%(2hp)
You hit the worm.
The worm is moderately wounded.
You hit the worm.
The worm is heavily wounded.
The worm barely misses you.
You barely miss the worm. You bite the worm, but do no damage.
The worm is heavily wounded.
The worm closely misses you.
You hit the worm but do no damage.
The worm is heavily wounded.
You hit the worm. You bite the worm.
The worm is heavily wounded.
The worm bites you!
You die...

.##.###.##.# #.....)...#
...........# #.........#
.....###.#### #..(......####
...... #.# #....÷....#.[.
....... #.###########......#...
...$... #...........###.####...
.......###.(.........# #[# #...
.....................###.####...
..............w@................
..............).................
#........##..................÷.
##...).####...................^
#.....# ##########........###
#.....# #....)...# #.....#
#........# #.....# #........#
#.....# ........#


You could see a worm.

Vanquished Creatures
  An adder (D:2)
  2 leopard geckos (D:1)
  A ball python (D:2)
  2 bats
  A giant cockroach (D:2)
  2 goblins
  3 hobgoblins
  A quokka (D:2)
  4 frilled lizards
  A kobold (D:2)
  3 rats (D:2)
21 creatures vanquished.

Notes
Turn   | Place    | Note
-------+----------+-------------------------------------------
     0 | D:1      | Lexodia the Gnoll Wanderer began the quest for the Orb.
     0 | D:1      | Lexodia set off with the following items: a +2 dagger, a
                  | scroll of blinking, a +0 spear, a scroll of teleportation,
                  | a +0 robe, a ration
     0 | D:1      | Reached XP level 1. HP: 23/23 MP: 1/1
   151 | D:1      | Reached XP level 2. HP: 29/29 MP: 2/2
   667 | D:2      | Found a burning altar of Makhleb.
   695 | D:2      | Became a worshipper of Makhleb the Destroyer
   822 | D:2      | Huge Dmg: 7 dmg
   849 | D:2      | Huge Dmg: 5 dmg
   850 | D:2      | Reached XP level 3. HP: 17/35 MP: 3/3
   881 | D:2      | Huge Dmg: 10 dmg
   885 | D:2      | Mangled by a worm

Levels and vault maps discovered:
D:1:      saegor_arrival_under_anarchy, layout_loops_ring
D:2:      layout_basic, nicolae_overflow_crystal_walls, lemuel_round_altar

Action                   || total
-------------------------++-------
Melee: Dagger            ||    55
       Bite              ||     6
 Stab: Sleeping          ||     7
Armor: Robe              ||     8
Dodge: Dodged            ||    24

Table legend:
 A = Non-vault XP
 B = Vault XP
 C = Vault XP percentage of total XP
 D = Non-vault monster count
 E = Vault monster count
 F = Vault count percentage of total count
                 A         B        C        D         E       F
            +---------+---------+-------+---------+---------+-------
      Total |      47 |       0 |   0.0 |      21 |       0 |   0.0
            +---------+---------+-------+---------+---------+-------
        D:1 |      14 |       0 |   0.0 |       7 |       0 |   0.0
        D:2 |      33 |       0 |   0.0 |      14 |       0 |   0.0
            +---------+---------+-------+---------+---------+-------
